 Dungeon Crawl Stone Soup version 0.26.1-11-gd32895ea62 (webtiles) character file.

Game seed: 15949909818807600112

3865 Zeld the Geomancer (level 10, -14/50 HPs)
             Began as a Gargoyle Earth Elementalist on June 10, 2021.
             Was a Believer of Sif Muna.
             Demolished by an orc warlord
             ... wielding a +0 war axe
              (16 damage)
             ... on level 7 of the Dungeon.
             The game lasted 00:24:47 (16432 turns).

Zeld the Geomancer (Gargoyle Earth Elementalist)   Turns: 16432, Time: 00:24:48

Health: -14/50     AC: 21    Str: 13    XL:     10   Next: 19%
Magic:  3/19       EV: 14    Int: 18    God:    Sif Muna [**....]
Gold:   167        SH:  0    Dex: 10    Spells: 6/21 levels left

rFire    . . .     SeeInvis .   b - staff of earth
rCold    . . .     Faith    .   (no shield)
rNeg     + . .     Spirit   .   c - +0 robe
rPois    ∞         Reflect  .   d - +2 helmet
rElec    +         Harm     .   l - +2 cloak
rCorr    .         Rampage  .   x - +2 pair of gloves
Will     .....                  q - +2 pair of boots
Stlth    ++........             (no amulet)
HPRegen  0.16/turn              (no ring)
MPRegen  0.16/turn              (no ring)

@: studying Staves
A: negative energy resistance 1, electricity resistance, unbreathing,
petrification resistance, miasma immunity, AC +7
a: Renounce Religion, Channel Magic


You were on level 7 of the Dungeon.
You worshipped Sif Muna.
Sif Muna was pleased with you.
You visited 2 branches of the dungeon, and saw 9 of its levels.
You also visited: Bailey.

You collected 492 gold pieces.
You spent 325 gold pieces at shops.

Inventory:

Hand Weapons
 a - a +9 quarterstaff of chaos
Armour
 c - a +0 robe (worn)
 d - a +2 helmet (worn)
 l - a +2 cloak (worn)
 q - a +2 pair of boots (worn)
 x - a +2 pair of gloves (worn)
Magical Staves
 b - an uncursed staff of earth (weapon)
Wands
 r - a wand of enslavement (15)
Scrolls
 e - 9 scrolls of remove curse
 g - a scroll of blinking
 k - a scroll of magic mapping
 s - 2 scrolls of acquirement {unknown}
 w - a scroll of enchant weapon
Potions
 f - 2 potions of resistance {unknown}
 h - a potion of cancellation {unknown}
 i - 2 potions of lignification {unknown}
 j - a potion of mutation {unknown}
 m - 6 potions of curing {unknown}
 n - 4 potions of haste {unknown}
 o - a potion of might {unknown}
 u - 2 potions of brilliance {unknown}
 v - a potion of flight {unknown}
 z - a potion of degeneration {unknown}
Books
 p - a manual of Staves


   Skills:
 + Level 8.1 Staves
 + Level 5.7 Dodging
 - Level 2.1 Stealth
 + Level 6.3 Spellcasting
 - Level 0.7 Transmutations
 * Level 11.5 Earth Magic


You had 6 spell levels left.
You knew the following spells:

 Your Spells              Type           Power        Failure   Level
a - Sandblast             Erth           100%         1%          1
b - Passwall              Tmut/Erth      34%          1%          2
c - Stone Arrow           Conj/Erth      78%          3%          3
d - Petrify               Tmut/Erth      41%          10%         4
e - Lee's Rapid Deconstr  Erth           31%          2%          5

Your spell library contained the following spells:

 Spells                   Type           Power        Failure   Level
 Animate Skeleton         Necr           10%          12%         1
 Apportation              Tloc           10%          12%         1
 Corona                   Hex            5%           12%         1
 Summon Small Mammal      Summ           20%          12%         1


Dungeon Overview and Level Annotations

Branches:
Dungeon (8/15)             Temple (1/1) D:5          Bailey (visited)
   Lair: D:8-11

Altars:
Ashenzari
Cheibriados
Dithmenos
Elyvilon
Fedhas
Gozag
Hepliaklqana
Kikubaaqudgha
Makhleb
Nemelex Xobeh
Okawaru
Qazlal
Ru
Sif Muna
Trog
Uskayaw
Vehumet
Wu Jian
Xom
Yredelemnul
Zin
The Shining One

Shops:
D:5 [   D:6 *


Innate Abilities, Weirdness & Mutations

You are resistant to torment.
Your stone body is resilient. (AC +7)
You are immune to poison.
You resist negative energy. (rN+)
You are resistant to electric shocks. (rElec)
You can survive without breathing.
You are immune to petrification.
You are immune to miasma.


Message History

The howler monkey closely misses you.
You hit the howler monkey.
The howler monkey is heavily wounded.
The howler monkey hoots and howls with incredible vigour!
You hear a bark!
You hit the howler monkey but do no damage.
The howler monkey is heavily wounded.
The worker ant waves its antennae.
The howler monkey hits you but does no damage.
You hit the howler monkey.
You shatter the howler monkey!
You kill the howler monkey!
Sif Muna accepts your kill.
A hound comes into view.
The hound barks!
You climb upwards.
The orc warlord hits you with a +0 war axe!!
* * * LOW HITPOINT WARNING * * *
There is a stone staircase leading down here.
The orc warlord hits you with a +0 war axe!
You die...

#≈≈≈≈≈≈≈≈≈≈≈≈≈≈≈≈≈≈≈########
*#≈≈≈≈≈≈≈≈≈≈..≈≈≈≈≈≈≈≈#.....
###*#.......≈..≈....#########
##.###.#..≈....≈.....##.#
####.#.##...####...........# *
....###.###.####.##...#.#### *
.#.## ##......##.###.##.# *
###.###o###.#.##.# ####.# *
##.#.## #:#.##@# ##.## * ##.##
#....o># #...# * ## ### ###.####
#...# * .# ##.##### #...# .######
#......# #...# ......#
###..###.####...######
......####.....##....[........###
.........#.###..................#
......##.#.# #..#.............#.#


You could see an orc warlord.

Vanquished Creatures
  Joseph (D:7)
  A hornet (D:7)
  Grinder (D:4)
  Prince Ribbit (D:7)
  Menkaure (D:7)
  An acid dragon (D:6)
  4 orc warriors
  A black bear (D:6)
  2 ice beasts
  An ogre (D:6)
  5 centaurs
  2 bullfrogs (D:7)
  A wyvern skeleton (D:7)
  A water moccasin skeleton (D:6)
  A jelly (D:7)
  5 killer bees (D:7)
  3 howler monkeys
  2 centaur zombies
  3 hounds
  A quasit (D:6)
  Crazy Yiuf (D:4)
  An orc priest (D:2)
  3 bullfrog skeletons
  A gnoll shaman (D:3)
  4 iguanas
  An orc wizard (D:2)
  6 worker ants
  2 worker ant zombies
  Robin (D:3)
  6 gnolls
  9 adders
  2 shadow imps (D:6)
  3 ufetubi
  An ooze (D:4)
  An adder skeleton (D:6)
  3 worms
  2 dart slugs
  2 leopard geckos
  15 orcs
  5 ball pythons
  5 bats
  4 giant cockroaches
  21 goblins
  15 hobgoblins
  13 jackals
  6 quokkas
  3 frilled lizards
  22 kobolds
  6 rats
202 creatures vanquished.

Vanquished Creatures (others)
  2 orcs (D:6)
2 creatures vanquished.

Grand Total: 204 creatures vanquished

Notes
Turn   | Place    | Note
-------+----------+-------------------------------------------
     0 | D:1      | Zeld the Gargoyle Earth Elementalist began the quest for
                  | the Orb.
     0 | D:1      | Reached XP level 1. HP: 10/10 MP: 3/3
   325 | D:1      | Reached skill level 4 in Earth Magic
   325 | D:1      | Reached XP level 2. HP: 11/15 MP: 1/5
   328 | D:1      | Learned a level 2 spell: Passwall
   799 | D:1      | Reached XP level 3. HP: 19/19 MP: 3/6
   803 | D:1      | Learned a level 3 spell: Stone Arrow
  1245 | D:2      | Found an opulent altar of Gozag.
  2099 | D:2      | Reached XP level 4. HP: 24/24 MP: 0/7
  2200 | D:2      | Reached skill level 5 in Earth Magic
  2800 | D:2      | Found an ornate altar of the Wu Jian Council.
  2834 | D:2      | Found a shadowy altar of Dithmenos.
  2890 | D:2      | Reached XP level 5. HP: 28/28 MP: 6/9
  3076 | D:2      | Found a hazy altar of Hepliaklqana.
  3498 | D:3      | Found a blossoming altar of Fedhas.
  3772 | D:3      | Noticed Robin
  3781 | D:3      | Killed Robin
  4150 | D:2      | Reached skill level 6 in Earth Magic
  4766 | D:4      | Reached XP level 6. HP: 20/32 MP: 1/10
  4771 | D:4      | Learned a level 4 spell: Petrify
  4887 | D:4      | Noticed Grinder
  5292 | D:4      | Paralysed by Grinder for 2 turns
  5610 | D:4      | Got a smoking spear
  5611 | D:4      | Identified the +9 spear "Kono" {flame, rN++ SInv} (You
                  | found it on level 4 of the Dungeon)
  5661 | D:4      | Paralysed by Grinder for 5 turns
  5677 | D:4      | Paralysed by Grinder for 7 turns
  5696 | D:4      | Paralysed by Grinder for 6 turns
  5702 | D:4      | Killed Grinder
  5703 | D:4      | Reached skill level 7 in Earth Magic
  5703 | D:4      | Reached XP level 7. HP: 27/36 MP: 1/12
  5868 | D:4      | Found a runed translucent door.
  5869 | D:4      | Noticed Crazy Yiuf
  5969 | D:4      | Found a sacrificial altar of Ru.
  6137 | D:4      | Killed Crazy Yiuf
  6314 | D:5      | Entered Level 5 of the Dungeon
  6493 | D:5      | Found a blossoming altar of Fedhas.
  6677 | D:5      | Found a staircase to the Ecumenical Temple.
  6686 | Temple   | Entered the Ecumenical Temple
  6709 | Temple   | Became a worshipper of Sif Muna the Loreminder
  7872 | D:5      | Reached skill level 8 in Earth Magic
  7872 | D:5      | Reached XP level 8. HP: 39/41 MP: 1/14
  7878 | D:5      | Learned a level 5 spell: Lee's Rapid Deconstruction
  8236 | D:5      | Found Xioruy's Armour Shop.
  8243 | D:5      | Bought a +1 pair of gloves for 138 gold pieces
  9029 | D:6      | Found a sparkling altar of Nemelex Xobeh.
  9669 | D:6      | Reached skill level 9 in Earth Magic
 10036 | D:6      | Reached skill level 5 in Staves
 10482 | D:6      | Reached skill level 5 in Spellcasting
 10485 | D:6      | Reached XP level 9. HP: 45/45 MP: 0/16
 11261 | D:6      | Found Docwah's Assorted Antiques.
 11267 | D:6      | Bought a scroll labelled DEENOXZ QECESI for 22 gold pieces
 11267 | D:6      | Bought a scroll of enchant armour for 165 gold pieces
 11444 | D:7      | Reached * piety under Sif Muna
 11488 | D:7      | Found a stormy altar of Qazlal.
 11518 | D:7      | Reached skill level 10 in Earth Magic
 11715 | D:7      | Found a flagged portal.
 11730 | Bailey   | Entered a bailey
 11767 | Bailey   | Noticed an orc warlord
 11901 | Bailey   | Reached skill level 5 in Dodging
 12229 | Bailey   | Found a runed translucent gate.
 12229 | Bailey   | Found a runed translucent gate.
 12229 | Bailey   | Found a runed translucent gate.
 12715 | Bailey   | Reached ** piety under Sif Muna
 14134 | D:6      | Found a sparkling altar of Nemelex Xobeh.
 14148 | D:6      | Found Docwah's Assorted Antiques.
 14652 | D:7      | Noticed a hornet
 14658 | D:7      | Killed a hornet
 14894 | D:7      | Noticed Joseph
 14919 | D:7      | Killed Joseph
 14920 | D:7      | Reached skill level 11 in Earth Magic
 14920 | D:7      | Reached XP level 10. HP: 6/50 MP: 1/19
 14980 | D:7      | HP: 1/50 [centaur/arrow (3)]
 16005 | D:7      | Noticed Prince Ribbit
 16008 | D:7      | Killed Prince Ribbit
 16168 | D:7      | Noticed Menkaure
 16173 | D:7      | Killed Menkaure
 16431 | D:7      | HP: 2/50 [orc warlord/+0 war axe (21)]
 16432 | D:7      | Demolished by an orc warlord

Illustrated notes

Levels and vault maps discovered:
D:1:      roderic_crossed_star, layout_loops_ring
D:2:      layout_basic, lemuel_coloured_pillars_altar,
          pdpol_wu_jian_five_deadly_venoms, nzn_hepliaklqana_mist_gate,
          nicolae_gozag_cash_rules_everything_around_me, grunt_ministairs_12
D:3:      layout_rooms, lemuel_altar_in_water, uniq_robin
D:4:      layout_rooms, nicolae_ru_awakened_eye, minmay_manual_mess,
          uniq_crazy_yiuf_cottage, uniq_grinder
D:5:      layout_layer_cave, minmay_temple_entry_junction, serial_shops, shop,
          fedhas_altar_1
D:6:      cheibrodos_barr_body, layout_gridville,
          nemelex_xobeh_ov_fountains_minmay, serial_shops, nicolae_shop_trees,
          chequers_jeans, lemuel_old_faithful
D:7:      layout_loops_cross, serial_rivers, chequers_serial_rivers_marsh,
          chequers_serial_rivers_micro_a, chequers_serial_rivers_micro_c,
          chequers_serial_rivers_small_3, enter_bailey_3, basic_altar,
          minmay_quadrilaterals, uniq_joseph, uniq_menkaure, uniq_prince_ribbit1
D:8:      layout_cave_pods, the_bakery, uniq_maggie
Temple:   nicolae_temple_elliptical

Skill      XL: |  1  2  3  4  5  6  7  8  9 10 |
---------------+-------------------------------+-----
Earth Magic    | 4 5 6 7 8 9 11 | 11.5
Dodging        | 2 3 4 5 |  5.7
Spellcasting   | 3 4 5 6 |  6.3
Staves         | 2 3 5 7 8 |  8.1
Stealth        | |  2.1
Transmutations | |  0.7

Action                   |  1- 3 |  4- 6 |  7- 9 | 10-12 || total
-------------------------+-------+-------+-------+-------++-------
Melee: Unarmed           |    31 |   181 |     1 |       ||   213
       Quarterstaff      |       |       |    25 |     1 ||    26
       Staff             |       |       |    73 |     6 ||    79
 Cast: Sandblast         |    54 |    52 |    36 |       ||   142
       Stone Arrow       |     3 |    24 |   123 |    28 ||   178
       Passwall          |       |     2 |     1 |       ||     3
       Petrify           |       |       |     5 |     3 ||     8
       Lee's Rapid Decon |       |       |    10 |     3 ||    13
Evoke: Wand              |       |       |    10 |       ||    10
  Use: Scroll            |       |     6 |    13 |     6 ||    25
 Stab: Sleeping          |     1 |       |       |       ||     1
Armor: Robe              |    23 |   124 |   112 |     8 ||   267
Dodge: Dodged            |    46 |   178 |   179 |    11 ||   414
